 Dungeon Crawl Stone Soup version 0.19-a0-1041-g82b1012 (webtiles) character file.

1960 4thArraOfDagon the Cleaver (level 9, -9/80 (81) HPs)
             Began as a Minotaur Berserker on July 30, 2016.
             Was a Believer of Trog.
             Mangled by junb69's ghost (18 damage)
             ... on level 3 of the Lair of Beasts.
             The game lasted 00:08:03 (1267 turns).

4thArraOfDagon the Cleaver (Minotaur Berserker)     Turns: 1267, Time: 00:08:04

HP:   -9/80 (81)    AC: 13    Str: 26    XL:     9   Next: 0%
MP:   8/8           EV:  8    Int:  4    God:    Trog [**....]
Gold: 162           SH:  0    Dex:  9    Spells: 0 memorised, 8 levels left

rFire  . . .     SeeInvis .     c - +3 hand axe (holy)
rCold  . . .     Gourm    .     k - +0 plate armour
rNeg   . . .     Faith    .     (no shield)
rPois  .         Spirit   .     (helmet restricted)
rElec  .         Dismiss  .     (no cloak)
rCorr  .         Reflect  .     (no gloves)
SustAt .         Harm     .     (no boots)
MR     .....                    (no amulet)
Stlth  ..........               (no ring)
                                (no ring)

@: exhausted, slowed, very slow, not resistant to hostile enchantments,
extremely unstealthy
A: retaliatory headbutt, horns 2
a: Berserk, Trog's Hand, Burn Spellbooks, Renounce Religion


You were on level 3 of the Lair of Beasts.
You worshipped Trog.
Trog was pleased with you.
You were not hungry.

You visited 2 branches of the dungeon, and saw 13 of its levels.

You collected 198 gold pieces.
You spent 36 gold pieces at shops.

Inventory:

Hand Weapons
 a - a +0 hand axe
 c - a +3 hand axe of holy wrath (weapon)
Armour
 b - a +0 animal skin
 f - a +0 ring mail
 h - a +0 chain mail
 k - a +0 plate armour (worn)
 m - a +0 ring mail of cold resistance
Wands
 i - a wand of enslavement (10/24)
 q - a wand of iceblast (9/15)
Scrolls
 e - 3 scrolls of teleportation
 g - 2 scrolls of identify
Potions
 d - 3 potions of heal wounds
Books
 p - a book of Unlife

   Spells                             Type                      Level
   a - Recall                         Summoning/Translocation      3
   b - Animate Dead                   Necromancy                   4
   c - Control Undead                 Necromancy                   4
   d - Cigotuvi's Embrace             Necromancy                   5
   e - Death Channel                  Necromancy                   6
   f - Simulacrum                     Ice/Necromancy               6
   Trog disapproves of the use of such an item.
Miscellaneous
 o - a box of beasts
Comestibles
 n - a bread ration


   Skills:
 + Level 7.9 Fighting
 * Level 10.6 Axes
 + Level 7.2 Armour
 - Level 2.1 Dodging


You had 8 spell levels left.
You didn't know any spells.

Dungeon Overview and Level Annotations

Branches:
Dungeon (10/15)              Lair (3/6) D:10
 Temple: D:4-7        Swamp: Lair:2-4    Shoals: Lair:2-4     Snake: Lair:2-4
 Spider: Lair:2-4       Orc: D:9-12

Altars:
Gozag
Hepliaklqana

Shops:
D:6 ?   D:7 =

Annotations:
Lair:3 junb69's ghost, journeyman DsGl


Innate Abilities, Weirdness & Mutations

You reflexively headbutt those who attack you in melee.
You have a pair of horns on your head.


Message History

Junb69's ghost is severely damaged.
Junb69's ghost hits you but does no damage.
Unknown command.
Unknown command.
You feel a strong urge to attack something.
Unknown command.
You are no longer berserk.
You are exhausted.
You feel yourself slow down.
Unknown command.
Okay, then.
Drop what? 16/52 slots (_ for help) (? for menu, Esc to quit)
Okay, then.
Okay, then.
Unknown command.
Drop what? 16/52 slots (_ for help) (? for menu, Esc to quit)
You drop a book of Death.
Unknown command.
Junb69's ghost hits you!!
You die...

.. .. .# #. .####. ###
..P##.. # ##.## ...###.. #..
##...##########...##P..
#...###................#....<
#..........W@........#.###...
#.................##.# #...
##......####.......# #...
........P# ####)#..## ###.
.........# ###...## ##
........## ###.(## ###
......... ##..####.#
......... #P....... #.##.....
##P......


You could see junb69's ghost.

Vanquished Creatures
  Joseph (D:9)
  A komodo dragon (Lair:1)
  A hippogriff (Lair:1)
  A water moccasin (Lair:1)
  An orc warrior (D:9)
  A necrophage (D:8)
  2 wolves (Lair:1)
  A crocodile (Lair:1)
  2 centaurs
  A giant frog (Lair:3)
  2 scorpions
  An electric eel (D:8)
  A crimson imp (D:8)
  4 hounds
  A jelly (D:10)
  An orc priest (D:9)
  3 orc wizards
  An iguana (D:9)
  A gnoll (D:5)
  2 adders
  A worm (D:3)
  A dart slug (D:3)
  A giant gecko (D:8)
  19 orcs
  2 giant cockroaches
  A goblin (D:3)
  2 jackals (D:7)
  A kobold (D:3)
  A rat (D:3)
58 creatures vanquished.

Vanquished Creatures (others)
  A wolf (Lair:1)
1 creature vanquished.

Grand Total: 59 creatures vanquished

Notes
Turn   | Place    | Note
-------+----------+-------------------------------------------
     0 | D:1      | 4thArraOfDagon the Minotaur Berserker began the quest for the Orb.
     0 | D:1      | Reached XP level 1. HP: 19/19 MP: 0/0
     7 | D:1      | Found a runed door.
     7 | D:1      | You fall through a shaft!
    85 | D:3      | Reached skill level 4 in Axes
    88 | D:3      | Reached XP level 2. HP: 27/27 MP: 1/1
   177 | D:4      | You fall through a shaft!
   177 | D:5      | Entered Level 5 of the Dungeon
   290 | D:6      | Noticed a centaur
   290 | D:6      | Noticed a scorpion
   294 | D:6      | Reached XP level 3. HP: 33/33 MP: 2/2
   298 | D:6      | Killed a scorpion
   298 | D:6      | Reached skill level 5 in Axes
   298 | D:6      | Reached XP level 4. HP: 41/41 MP: 3/3
   300 | D:6      | Killed a centaur
   300 | D:6      | Reached XP level 5. HP: 47/47 MP: 4/4
   305 | D:6      | Reached skill level 6 in Axes
   340 | D:6      | Reached skill level 5 in Fighting
   367 | D:6      | Found a hazy altar of Hepliaklqana.
   392 | D:6      | Found Kur Giogupe's Magic Scroll Boutique.
   395 | D:6      | Bought a scroll of teleportation for 36 gold pieces
   407 | D:7      | Found Nofi's Jewellery Shop.
   419 | D:7      | Noticed a centaur
   426 | D:7      | Killed a centaur
   426 | D:7      | Reached ** piety under Trog
   426 | D:7      | Reached XP level 6. HP: 43/56 MP: 5/5
   462 | D:7      | Noticed a sky beast
   477 | D:8      | Found an opulent altar of Gozag.
   503 | D:8      | Reached skill level 7 in Axes
   625 | D:9      | Noticed Joseph
   647 | D:9      | Killed Joseph
   647 | D:9      | Reached skill level 8 in Axes
   647 | D:9      | Reached skill level 5 in Armour
   647 | D:9      | Reached XP level 7. HP: 58/63 MP: 6/6
   733 | D:8      | Reached skill level 9 in Axes
   733 | D:8      | Reached XP level 8. HP: 47/70 MP: 7/7
   851 | D:10     | Entered Level 10 of the Dungeon
   884 | D:10     | Found a staircase to the Lair.
   917 | Lair:1   | Entered Level 1 of the Lair of Beasts
   917 | Lair:1   | Noticed a komodo dragon
   926 | Lair:1   | Killed a komodo dragon
  1055 | Lair:1   | Reached skill level 10 in Axes
  1078 | Lair:1   | Identified a scroll of acquirement
  1081 | Lair:1   | :)
  1182 | Lair:3   | Reached XP level 9. HP: 74/80 MP: 8/8
  1240 | Lair:3   | Noticed junb69's ghost (journeyman DsGl)
  1267 | Lair:3   | Mangled by junb69's ghost

Vault maps used:
D:1:      dpeg_arrival_caged_fury
D:3:      first_bread, minmay_stone_trees_small, uniq_terence
D:4:      overflow_temple_1_default, nicolae_zen_rock_garden,
          kennysheep_nondescript
D:6:      nemelex_xobeh_ov_fountains_minmay, nicolae_overflow_hidden_temple,
          lemuel_coloured_pillars_altar, serial_shops, nicolae_shop_behind_doors
D:7:      serial_shops, shop_fountains, shop, shop, the_bakery,
          nicolae_ru_path_of_blood, uniq_prince_ribbit1
D:8:      lemuel_crystal_altar, nicolae_tso_carved_into_rock,
          serial_bayou_ford_a, corexii_corridor_pit, kennysheep_generic_room_10
D:9:      uniq_joseph
D:10:     lair_0_dummy
Lair:1:   grunt_megastairs_3
Lair:2:   minmay_snake_entry_guardpost_small, basic_altar,
          infiniplex_staircase_pool_2
Lair:3:   basic_altar, uniq_sonja, uniq_fannar

Skill      XL: |  1  2  3  4  5  6  7  8 |
---------------+-------------------------+-----
Axes           | 4 5 6 8 9 10 | 10.6
Fighting       | 4 5 6 7 |  7.9
Armour         | 3 4 5 7 |  7.2
Dodging        | |  2.1

Action                   |  1- 3 |  4- 6 |  7- 9 || total
-------------------------+-------+-------+-------++-------
Melee: Hand axe          |    31 |    42 |    92 ||   165
       Headbutt          |     3 |     4 |    17 ||    24
Invok: Berserk           |     2 |     5 |     6 ||    13
       Trog's Hand       |       |     1 |     5 ||     6
       Burn Spellbooks   |       |       |     1 ||     1
Evoke: Wand              |       |       |     1 ||     1
  Use: Scroll            |       |       |     5 ||     5
  Eat: Chunk             |       |     5 |     8 ||    13
       Bread ration      |       |       |     1 ||     1
Armor: Animal skin       |     4 |       |       ||     4
       Ring mail         |     5 |     3 |       ||     8
       Chain mail        |       |    13 |       ||    13
       Plate armour      |       |     2 |    83 ||    85
Dodge: Dodged            |    21 |    22 |    40 ||    83
